AoeStats
← MeowMe

African Clearing

505837803Analyzed
4v4 RM · 20d ago on Sep 11, 2026· 38m 14s· 8 players
Game mode
Random Map
Map size
Large (8 player)
Population
200
Speed
Normal
Resources
Standard
Victory
Conquest
Starting age
Dark Age
Ending age
Imperial Age
RankedLock teamsTeams togetherTeam positionsShared explorationLock speedFull tech treeHidden civsTurbo modeCheats
Victory
Defeat
🇨🇳 Berbers · China
1591
+11
🇨🇳 Mongols · China
1507
+14
🇨🇳 Muisca · China
1462
+16
🇨🇳 Vietnamese · China
1451
+16
🇧🇾 Gurjaras · Belarus
1523
-17
🇬🇪 Berbers · Georgia
1447
-14
🇪🇸 Wei · Spain
1444
-13
🇷🇺 Inca · Russia
1439
-13
SiraZaika
9:30 Loom
12:35 Feudal Age
13:25 Town Watch
17:45 Castle Age
16:07 Horse Collar
16:15 Double-Bit Axe
17:11 Horse Collar
20:49 Bow Saw
25:49 Fletching
25:59 Padded Archer Armor
26:27 Bodkin Arrow
30:06 Wheelbarrow
29:59 Leather Archer Armor
31:58 Ballistics
38:44 Imperial Age
36:23 Heavy Plow
38:19 Thumb Ring
MeowMe
3:34 Loom
14:25 Feudal Age
15:50 Town Watch
19:03 Castle Age
19:32 Double-Bit Axe
25:51 Fletching
26:22 Horse Collar
28:34 Husbandry
30:15 Bloodlines
30:14 Treadmill Crane
32:41 Padded Archer Armor
33:22 Ballistics
33:07 Bodkin Arrow
35:09 Leather Archer Armor
OLADUSHEK
10:55 Feudal Age
10:10 Loom
12:02 Double-Bit Axe
12:43 Loom
15:07 Bloodlines
16:29 Forging
17:09 Town Watch
18:31 Wheelbarrow
22:25 Castle Age
20:18 Horse Collar
21:09 Scale Barding Armor
22:29 Light Cavalry
23:25 Bow Saw
23:54 Husbandry
26:55 Chain Barding Armor
27:07 Gold Mining
29:55 Heavy Plow
33:10 Gold Shaft Mining
34:30 Hand Cart
35:07 Iron Casting
35:47 Stone Mining
38:35 Stone Shaft Mining
Garabatov
8:15 Loom
12:32 Feudal Age
15:28 Double-Bit Axe
19:59 Castle Age
31:47 Horse Collar
毛毛鸡
13:16 Feudal Age
13:20 Loom
17:17 Castle Age
15:34 Double-Bit Axe
17:51 Fishing Lines
21:01 Fletching
23:19 Bodkin Arrow
24:15 Padded Archer Armor
27:06 Ballistics
29:44 Horse Collar
30:19 Bow Saw
30:53 Leather Archer Armor
32:10 Heavy Plow
32:47 Wheelbarrow
31:57 Town Watch
33:20 Gold Mining
晚辞
5:33 Loom
13:35 Feudal Age
17:16 Castle Age
15:43 Double-Bit Axe
16:46 Gold Mining
18:42 Bow Saw
25:45 Horse Collar
26:24 Fletching
30:05 Husbandry
33:16 Wheelbarrow
37:25 Imperial Age
36:56 Bloodlines
36:54 Scale Barding Armor
37:08 Town Watch
38:05 Chain Barding Armor
37:57 Forging
38:28 Conscription
38:53 Heavy Plow
小陆别乱撞
7:14 Loom
9:11 Loom
12:51 Feudal Age
13:09 Champi Runner
14:31 Double-Bit Axe
23:18 Horse Collar
26:53 Castle Age
26:52 Gold Mining
28:00 Scale Mail Armor
28:10 Forging
6988
13:41 Feudal Age
14:48 Double-Bit Axe
15:17 Loom
18:02 Castle Age
17:13 Fletching
19:54 Loom
20:35 Bow Saw
22:29 Horse Collar
25:26 Bodkin Arrow
28:34 Wheelbarrow
29:01 Padded Archer Armor
30:55 Hand Cart
30:28 Town Watch
31:54 Ballistics
31:58 Leather Archer Armor
35:20 Imperial Age
34:27 Scale Barding Armor
34:33 Forging
35:41 Heavy Plow
36:00 Husbandry
36:11 Bloodlines
35:22 Cavalier
36:50 Iron Casting
37:39 Two-Man Saw
37:28 Gold Mining
37:29 Stone Mining
37:35 Stone Mining
Connection lost

Rejoining the realm…

Still unreachable

The connection could not be restored.

Session expired

The server has moved on; the page needs a fresh start.